Map: Jagannatha LE

Players

uCurry

  • Race: Zerg Zerg
  • League: Master
  • Spawn Location: 7:00

ViBE - Winner!

  • Race: Zerg Zerg
  • League: Bronze
  • Spawn Location: 1:00

VOD

https://www.youtube.com/watch?v=VjhJ7E-kFgw&list=PLFeZeom2b4DnD3FIu7pzkXl51JX_WWz2h&index=2

Description

Time

  • Played on: March 11, 2021, 1:21 a.m.
  • Length: 12:30
Show
View Real Time Build Order
Export as new Build Order

uCurry Zerg 

Build Orders: Pool First 

Get SALT Encoding   

  12  0:01  Drone  
  13  0:10  Drone  
  14  0:28  Spawning Pool  
  14  0:29  Drone  
  14  0:37  Extractor  
  14  0:38  Drone  
  15  0:43  Overlord  
  15  1:02  Drone x2  
  17  1:15  Queen  
  17  1:16  Zergling x4  
  21  1:26  Zergling x2  
  22  1:33  Extractor  
  22  1:36  Zergling x2  
  23  1:49  Overlord  
  23  1:50  Hatchery  
  22  2:13  Zergling x4  
  24  2:25  Zergling x2  
  25  2:40  Zergling x8  
  28  2:54  Drone  
  29  3:11  Zergling x6  
  26  3:20  Queen  
  26  3:21  Drone  
  29  3:39  Extractor  
  29  3:41  Drone x5  
  30  3:42  Overlord  
  30  3:47  Zergling x2  
  34  3:52  Extractor  
  33  4:16  Overlord  
  33  4:17  Drone x4  
  35  4:19  Zergling x4  
  39  4:30  Drone x2  
  39  4:31  Drone x2  
  43  4:35  Extractor, Metabolic Boost  
  42  4:41  Drone x2  
  42  4:42  Drone x2, Overlord  
  46  4:59  Drone x4  
  51  5:00  Drone  
  51  5:05  Zergling x2  
  51  5:06  Zergling x2  
  53  5:12  Drone x3  
  54  5:19  Lair  
  54  5:29  Drone x2, Overlord  
  54  5:30  Drone  
  57  5:41  Zergling x4, Extractor  
  56  6:12  Overlord  
  56  6:13  Drone x5  
  56  6:14  Drone x2  
  63  6:38  Overlord  
  63  6:39  Drone x4  
  68  6:40  Drone x2  
  69  6:50  Hatchery  
  63  7:14  Extractor  
  62  7:18  Extractor  
  62  7:22  Spire  
  60  7:23  Queen  
  60  7:24  Overlord  
  60  7:25  Drone x4  
  66  7:44  Drone x2  
  66  7:45  Drone x4  
  72  7:55  Hydralisk Den  
  72  7:57  Roach Warren  
  70  8:01  Evolution Chamber  
  69  8:13  Drone x3  
  69  8:14  Overlord  
  69  8:15  Drone x7  
  69  8:16  Drone x2  
  81  8:28  Zerg Ground Armor Level 1  
  81  8:31  Hatchery  
  81  8:32  Grooved Spines  
  80  8:35  Extractor  
  80  8:38  Extractor, Tunneling Claws  
  78  8:41  Overlord x2  
  78  8:43  Mutalisk x4  
  78  8:44  Mutalisk x5  
  96  9:05  Overlord x3  
  96  9:19  Evolution Chamber  
  96  9:22  Queen  
  97  9:32  Drone x2, Overlord x2  
  97  9:33  Drone x7  
  97  9:34  Drone x4  
  110  9:42  Hatchery  
  110  9:45  Zerg Missile Weapons Level 1  
  109  10:02  Overlord x2  
  109  10:04  Mutalisk x4  
  109  10:05  Mutalisk x6  
  109  10:06  Mutalisk x2  
  133  10:31  Hatchery  
  133  10:32  Queen  
  134  10:40  Extractor  
  134  10:42  Extractor  
  132  10:44  Mutalisk, Hydralisk x4  
  111  11:40  Mutalisk x4  
  111  11:41  Mutalisk x4, Hydralisk  
  111  11:42  Hydralisk x6  
  111  11:43  Hydralisk x3  
Show
View Real Time Build Order
Export as new Build Order

ViBE Zerg - Winner!

Build Orders: Hatch First 

Get SALT Encoding   

  12  0:00  Drone  
  13  0:14  Overlord  
  13  0:21  Drone  
  14  0:35  Drone x2  
  16  0:47  Drone  
  17  0:57  Hatchery  
  16  1:07  Drone x2  
  18  1:17  Drone  
  19  1:35  Spawning Pool  
  19  1:38  Drone x2  
  20  1:59  Extractor  
  19  2:02  Drone x3  
  22  2:22  Queen  
  24  2:23  Zergling x4  
  24  2:26  Overlord  
  28  2:38  Overlord  
  26  2:48  Zergling x4  
  26  2:49  Zergling x4  
  30  2:54  Hatchery  
  29  3:01  Queen  
  31  3:12  Drone x2  
  30  3:28  Drone  
  30  3:32  Drone x4  
  35  3:55  Drone x2  
  37  3:56  Lair  
  37  4:04  Roach Warren, Evolution Chamber  
  37  4:05  Drone  
  37  4:06  Drone x2  
  37  4:07  Queen  
  37  4:08  Evolution Chamber  
  39  4:12  Overlord  
  39  4:16  Drone  
  40  4:25  Drone x2  
  42  4:32  Drone x2  
  44  4:42  Drone x4  
  48  4:50  Drone  
  48  4:51  Drone x2  
  51  4:55  Extractor  
  51  4:56  Extractor  
  51  4:57  Glial Reconstitution  
  51  4:58  Zerg Missile Weapons Level 1  
  49  5:02  Drone x2  
  49  5:07  Overlord x2  
  47  5:20  Roach x2  
  51  5:26  Overlord  
  51  5:28  Roach x3  
  57  5:41  Roach x2  
  57  5:42  Roach  
  63  5:45  Drone  
  64  5:54  Hatchery  
  63  5:59  Overlord  
  63  6:00  Overlord  
  63  6:17  Drone  
  64  6:26  Drone  
  64  6:29  Drone  
  64  6:30  Drone x7  
  73  6:34  Hatchery  
  73  6:39  Queen  
  72  6:45  Drone x7  
  81  7:06  Drone  
  81  7:07  Drone x3, Hatchery  
  82  7:09  Drone  
  82  7:13  Zerg Missile Weapons Level 2  
  82  7:14  Zerg Ground Armor Level 1  
  82  7:15  Queen  
  83  7:19  Extractor  
  83  7:20  Hydralisk Den  
  83  7:41  Drone x6  
  89  7:46  Overlord  
  89  7:51  Overlord  
  89  7:57  Drone x2  
  91  7:58  Grooved Spines  
  91  7:59  Overlord x3  
  91  8:07  Overlord x2  
  91  8:10  Extractor  
  91  8:11  Extractor  
  89  8:19  Hydralisk x3  
  89  8:20  Hydralisk x2  
  99  8:35  Hydralisk x5  
  109  8:41  Hydralisk x2  
  109  8:42  Hydralisk x2  
  109  8:43  Hydralisk  
  119  9:07  Hatchery  
  118  9:10  Muscular Augments  
  118  9:15  Drone x5  
  118  9:16  Drone x5  
  128  9:21  Hatchery  
  128  9:22  Drone x10  
  137  9:46  Drone x6  
  137  9:49  Extractor  
  137  9:50  Extractor  
  141  9:55  Overlord  
  141  9:56  Overlord x7  
  141  10:07  Hydralisk x4  
  147  11:02  Hydralisk x21  
  147  11:03  Hydralisk x5  
  199  11:12  Infestation Pit  
  191  11:45  Extractor x2  
  191  11:46  Drone x3  
  192  11:47  Hydralisk x4  
  192  11:51  Hatchery  
Tags
 
Matchup
ZvZ
Player
ViBE
Race
Zerg
Replay Pack
Bronze_League
Spawn Locations
Cross Positions
Add a new tag
Caveats
  • Supply blocks, unpowered buildings, or Contaminate may cause inaccurate times.
  • Supply counts are checked every 10 seconds.